 Dungeon Crawl Stone Soup version 0.29-a0-266-gf56f883ddd (webtiles) character file.

Game seed: 17413365434723331609

5451 spaghetti the Warrior (level 10, -7/187 (190) HPs)
             Began as an Ogre Chaos Knight on Mar 6, 2022.
             Was a Believer of Cheibriados.
             Mangled by a cyclops (20 damage)
             ... on level 9 of the Dungeon.
             The game lasted 00:21:11 (10779 turns).

spaghetti the Warrior (Ogre Chaos Knight)          Turns: 10779, Time: 00:21:11

HP:   -7/187 (190)  AC: 29    Str: 33      XL:     10   Next: 68%
MP:   7/10          EV:  1    Int: 10 (11) God:    Cheibriados [**....]
Gold: 641           SH:  0    Dex: 15      Spells: 5/9 levels left

rFire   . . .      SeeInvis .   J - +10 mace of Insufficient Pleasure {venom, rCorr Int-5 Dex+4, mace}
rCold   . . .      Faith    +   (no shield)
rNeg    . . .      Spirit   .   (body armour currently unavailable)
rPois   +          Reflect  .   (helmet currently unavailable)
rElec   .          Harm     .   (cloak currently unavailable)
rCorr   +          Rampage  .   (gloves unavailable)
Will    +....      NoTele   +   (boots unavailable)
Stlth   +.........              j - amulet of faith {!P}
HPRegen 0.41/turn               e - +4 ring of protection
MPRegen 0.12/turn               f - +6 ring of strength

@: tree-form, lightly drained, very slow
A: stationary, stasis, torment immunity, boosted hp, large, unfitting armour,
(tough skin 1), clumsy 1, deterioration 1, dopey 1, (electricity resistance),
wild magic 1
a: Renounce Religion, Bend Time


You were on level 9 of the Dungeon.
You worshipped Cheibriados.
Cheibriados was pleased with you.
You were a tree.
You visited 2 branches of the dungeon, and saw 10 of its levels.
You also visited: Ossuary.

You collected 641 gold pieces.


Innate Abilities, Weirdness & Mutations

You are a tree.
Your roots penetrate the ground, keeping you stationary.
You cannot be teleported.
You are immune to unholy pain and torment.
Your maximum health is greatly increased.
Your equipment is partially melded.
You are too large for most types of armour.
((You have tough skin. (AC +1)))
You are clumsy. (Dex -2)
Your body sometimes deteriorates upon taking damage.
You are dopey. (Int -2)
((You are resistant to electric shocks. (rElec)))
Your spells are a little harder to cast, but a little more powerful.


   Skills:
 - Level 16.0 Fighting
 + Level 5.1 Maces & Flails
 - Level 8.0 Throwing
 - Level 2.1 Dodging
 - Level 2.0 Hexes


You had 5 spell levels left.
You knew the following spells:

 Your Spells              Type           Power      Damage    Failure   Level
a - Cause Fear            Hex            2%         N/A       90%         4

Your spell library contained the following spells:

 Spells                   Type           Power      Damage    Failure   Level
 Inner Flame              Hex/Fire       2%         N/A       67%         3
 Fulminant Prism          Conj/Hex       1%         3d6       96%         4
 Iskenderun's Mystic Bla  Conj/Tloc      0%         2d3       99%         4
 Alistair's Intoxication  Tmut/Pois      0%         N/A       100%        5
 Borgnjor's Vile Clutch   Necr/Erth      0%         N/A       100%        5
 Lee's Rapid Deconstruct  Erth           0%         3d5*      100%        5
 Eringya's Noxious Bog    Tmut/Pois      0%         N/A       100%        6
 Discord                  Hex            2%         N/A       100%        8

Inventory:

Hand Weapons
 y - a +0 giant spiked club {mace}
   (You took it off a two-headed ogre on level 6 of the Dungeon)
 E - a +3 spear of venom {polearm}
   (You took it off a gnoll on level 6 of the Dungeon)
 J - the +10 mace of Insufficient Pleasure (weapon) {venom, rCorr Int-5 Dex+4, mace}
   (You found it on level 8 of the Dungeon)

   It poisons the flesh of those it strikes.
   Int:       It affects your intelligence (-5).
   Dex:       It affects your dexterity (+4).
   rCorr:     It protects you from acid and corrosion.
Missiles
 a - a throwing net {=f!fthrowing}
 d - 211 stones (quivered) {throwing}
 g - 25 poisoned darts {throwing}
Armour
 b - a +2 robe (melded)
 l - +0 steam dragon scales
   (You found it on level 7 of the Dungeon)
 G - a +2 cloak of preservation (melded)
   (You took it off Crazy Yiuf on level 7 of the Dungeon)
Magical Staves
 r - a staff of air {!astaff}
   (Xom gifted it to you on level 2 of the Dungeon)
 B - a staff of death {!astaff}
   (You found it on level 6 of the Dungeon)
 F - a staff of earth {!astaff}
   (Xom gifted it to you on level 7 of the Dungeon)
Jewellery
 e - a +4 ring of protection (left branch)
   (You found it on level 1 of the Dungeon)
 f - a +6 ring of strength (right branch)
   (You found it on level 7 of the Dungeon)
 j - an amulet of faith (around neck) {!P}
   (You found it on level 4 of the Dungeon)
 k - an amulet of magic regeneration {@e2}
   (You found it on level 1 of the Dungeon)
 D - a ring of poison resistance
   (You found it on level 6 of the Dungeon)
Wands
 v - a wand of flame (41)
   (You found it on level 4 of the Dungeon)
 K - a wand of digging (1)
   (You took it off a gnoll on level 8 of the Dungeon)
 L - a wand of acid (6)
   (You found it on level 8 of the Dungeon)
Scrolls
 n - 3 scrolls of enchant weapon
 o - 3 scrolls of immolation {!r!r}
 q - 4 scrolls of fog
 s - a scroll of blinking {!r}
 u - a scroll of teleportation {@r4}
 x - 5 scrolls of identify {@r1}
Potions
 m - 3 potions of magic
 p - a potion of attraction {!q}
 t - 2 potions of brilliance
 w - 3 potions of cancellation
 C - 2 potions of flight
 I - a potion of resistance
Miscellaneous
 c - a piece from Xom's chessboard (15/15) {forbidden}

Dungeon Overview and Level Annotations

Branches:
Dungeon (9/15)             Temple (1/1) D:6         Ossuary (visited)
   Lair: D:8-11         Orc: D:9-12

Altars:
Ashenzari
Cheibriados
Dithmenos
Elyvilon
Fedhas
Gozag
Hepliaklqana
Kikubaaqudgha
Makhleb
Nemelex Xobeh
Okawaru
Qazlal
Ru
Trog
Uskayaw
Vehumet
Wu Jian
Xom
Yredelemnul
Zin
The Shining One

Annotations:
D:3 2 transporters, spaghetti's ghost, amateur OgCK
D:6 2 transporters, horus123's ghost, novice HuIE
D:9 exclusion: door

.# ... ..#. ##########
#####...# .........###
#.......# .........'.#
#.......#
.........#.###[.....#.
.........#..♣C).......
.........#####........
#######'## ##'###y..
#......# .# y #.######
.# ###.# .# #...# y.
###.######### ##
#.#.........#


You could see a cyclops (extremely poisoned) and a killer bee (wandering).


Message History

😨 HP[-2]
You take 2 damage, and now have 60/190 hp.
You thump the acid dragon!
The acid dragon looks as sick as possible!
You kill the acid dragon!
Cheibriados appreciates the change of pace.
The cyclops throws a large rock.
The large rock hits you!
* * * LOW HITPOINT WARNING * * *
Your Maces & Flails skill increases to level 5! 😨 HP[-8]
You take 8 damage, and now have 52/190 hp.
As you read the scroll of fear, it crumbles to dust.
You assume a fearsome visage.
The wight is unaffected.
The cyclops looks frightened! 😨 HP[+1]
You closely miss the wight.
The wight hits you with a +5 long sword!
* * * LOW HITPOINT WARNING * * *
The wight hits you but does no damage. 😱 HP[-8]
You take 8 damage, and now have 45/190 hp.
You sock the wight!
Your transformation is almost over.
The cyclops gibbers meaninglessly.
The wight hits you with a +5 long sword.
* * * LOW HITPOINT WARNING * * *
You feel drained.
* * * LOW HITPOINT WARNING * * *
😱 HP[-7]
You now have 186 max hp (-4).
You take 7 damage, and now have 38/186 hp.
Unknown command.
You thump the wight!
You destroy the wight!
Cheibriados appreciates the change of pace.
Cheibriados raises the support of your attributes as your movement slows.
You now have 187 max hp (+1).
You close the door, pushing everything out of the way.
Things that are here:
a curare-tipped dart {=fthrowing}; a +0 dagger; a +0 robe 😱 HP[+1]
Press: ? - help, v - describe, . - travel A closed door, spattered with blood.
Placed new exclusion.
Reduced exclusion size to a single square.
Okay, then.
You start resting.
You feel less wooden.
Your +2 cloak of preservation unmelds from your body.
Your +2 robe unmelds from your body.
A cyclops opens the door. 😱 HP[-10]
You now have 125 max hp (-62).
Okay, then.
Really quaff
i - a potion of lignification {!q}?
Really quaff the potion of lignification?
You turn into a tree.
Your +2 cloak of preservation melds into your body.
Your +2 robe melds into your body.
Your roots penetrate the ground. 😱 HP[+15]
You now have 187 max hp (+62).
You regained 15 hp, and now have 44/187 hp.
Throw: 2 throwing nets {=f!fthrowing}
Press: ? - help, Shift-Dir - straight line, f - cyclops
Aim: a cyclops, quivering large rocks (89% to hit, immune to nets)
Okay, then.
Unknown command.
Throw: large rock {=fthrowing}
Press: ? - help, Shift-Dir - straight line, f - cyclops
Aim: a cyclops, quivering large rocks (89% to hit)
You throw a large rock {=fthrowing}.
The large rock {=fthrowing} hits the cyclops.
The cyclops throws a large rock.
The large rock completely misses you. 😱 HP[+1] Throw: 2 throwing nets {=f!fthrowing}
Press: ? - help, Shift-Dir - straight line, f/p - cyclops
Aim: a cyclops, quivering large rocks (lightly wounded, 89% to hit, immune to nets)
You throw a throwing net {=f!fthrowing}.
The throwing net {=f!fthrowing} hits the cyclops.
The cyclops is too large for the net to hold!
You sock the cyclops!
The cyclops looks as sick as possible!
The cyclops hits you!
* * * LOW HITPOINT WARNING * * *
😱 HP[-15]
You take 15 damage, and now have 30/187 hp.
The flow of time bends around you.
The cyclops resists with some effort.
Cheibriados lowers the support of your attributes as your movement quickens.
The cyclops hits you!!
* * * LOW HITPOINT WARNING * * *
Your body deteriorates!
You feel dopey. 😱 HP[-18] MP[-3]
You take 18 damage, and now have 12/187 hp.
You lost 3 mp, and now have 7/10 mp.
Okay, then.
Okay, then.
You hit the cyclops.
The cyclops looks as sick as possible!
You hit the cyclops.
The cyclops looks as sick as possible!
The cyclops hits you!!
You die...

Skill      XL: |  1  2  3  4  5  6  7  8  9 10 |
---------------+-------------------------------+-----
Fighting       | 5 6 7 8 10 12 15 16 | 16.0
Throwing       | 6 8 |  8.0
Hexes          | 2 |  2.0
Maces & Flails | 5 |  5.1
Dodging        | |  2.1

Action                   |  1- 3 |  4- 6 |  7- 9 | 10-12 || total
-------------------------+-------+-------+-------+-------++-------
Melee: Mace              |   130 |   156 |       |    54 ||   340
       Punch             |     1 |       |     2 |     1 ||     4
       Trident           |       |    99 |   216 |       ||   315
       Spear             |       |       |   113 |    56 ||   169
Throw: Stone             |       |       |     5 |    23 ||    28
       Large rock        |       |       |       |     4 ||     4
       Dart              |       |       |       |     1 ||     1
       Throwing net      |       |       |       |     1 ||     1
Invok: Bend Time         |       |       |       |     1 ||     1
Evoke: Piece from Xom's  |     1 |       |       |       ||     1
  Use: Scroll            |     1 |     7 |     4 |     1 ||    13
       Potion            |       |    11 |    10 |     3 ||    24
 Stab: Confused          |       |     1 |       |       ||     1
       Invisible         |       |     4 |       |       ||     4
       Distracted        |       |       |     1 |       ||     1
Armor: Robe              |   162 |   157 |   241 |    49 ||   609
       Skin              |       |    56 |    59 |     9 ||   124
Dodge: Dodged            |   131 |   144 |   185 |    62 ||   522

Levels and vault maps discovered:
D:1:      tarquinn_simple_flora_water_c, layout_basic, minmay_misc_feat_chi,
          minmay_misc_feat_square, minmay_misc_feat_iff, serial_park_tiny_2,
          minmay_tetromino_t2
D:2:      layout_basic, serial_bayou_lagoon_a, hangedman_decor_opposing
D:3:      wad_woods_tower, layout_basic, gammafunk_ghost_smash,
          shapermc_ecumenical_altar_notcrosses
D:4:      layout_basic, kennysheep_generic_room_11
D:5:      layout_basic, enter_ossuary_2, minmay_strange_pillars,
          due_unseen_surprise
D:6:      layout_rooms, minmay_temple_entry_crystal_x,
          gammafunk_ghost_gnarly_gnolls, corexii_hall_statues_deadend
D:7:      layout_cave_pools, uniq_crazy_yiuf_cottage
D:8:      layout_basic, nicolae_fountain_basement
D:9:      layout_roguey, nicolae_sif_muna_condensation, minivault_27,
          minmay_fractal_squares_diagonal_5, uniq_psyche
Temple:   nicolae_temple_the_god_donut

Notes
Turn   | Place    | Note
-------+----------+-------------------------------------------
     0 | D:1      | spaghetti the Ogre Chaos Knight began the quest for the
                  | Orb.
     0 | D:1      | Reached XP level 1. HP: 24/24 MP: 1/1
     0 | D:1      | magus.rc [v1.9.6]
   134 | D:1      | Reached XP level 2. HP: 30/33 MP: 2/2
   326 | D:1      | Reached skill level 5 in Fighting
   326 | D:1      | XOM: potion effect (brilliance)
   441 | D:1      | Reached XP level 3. HP: 31/42 MP: 3/3
   453 | D:1      | HP: 10/42 [jackal (2)]
   464 | D:1      | HP: 11/44 [bat (1)]
   472 | D:1      | HP: 11/44 [bat (1)]
   588 | D:1      | XOM: cloud trail
   726 | D:1      | You add the spells Alistair's Intoxication, Borgnjor's Vile
                  | Clutch and Eringya's Noxious Bog to your library.
   906 | D:1      | Reached skill level 6 in Fighting
   924 | D:1      | XOM: silly message
  1113 | D:2      | XOM: scenery: summon butterflies
  1168 | D:2      | Reached XP level 4. HP: 53/53 MP: 4/4
  1338 | D:2      | XOM: 2-stop teleportation journey
  1381 | D:2      | XOM: god gift: staff of air
  1869 | D:2      | XOM: god gift: pair of gloves {god gift}
  1947 | D:2      | XOM: god gift: scroll labelled KYEDIWK SOKIJ {god gift}
  2089 | D:2      | XOM: give mutations
  2089 | D:2      | Gained mutation: You are covered in fur. (AC +1) [Xom's
                  | grace]
  2089 | D:2      | Gained mutation: Your flesh is heat resistant. (rF+) [Xom's
                  | grace]
  2089 | D:2      | Gained mutation: You are resistant to electric shocks.
                  | (rElec) [Xom's grace]
  2118 | D:3      | Noticed an ogre
  2118 | D:3      | Noticed spaghetti's ghost (amateur OgCK)
  2118 | D:3      | Found a transporter.
  2134 | D:3      | Found a transporter.
  2153 | D:3      | XOM: silly message
  2154 | D:3      | Reached skill level 7 in Fighting
  2292 | D:3      | Reached XP level 5. HP: 62/62 MP: 5/5
  2497 | D:3      | XOM: 1-stop teleportation journey
  2528 | D:3      | Noticed a shapeshifter
  2528 | D:3      | a goblin changed into a shapeshifter
  2528 | D:3      | Noticed a rime drake
  2528 | D:3      | a shapeshifter changed into a rime drake
  2531 | D:3      | XOM: blink monster(s)
  2535 | D:3      | XOM: silly message
  2536 | D:3      | Noticed a human
  2536 | D:3      | a rime drake changed into a human
  2684 | D:4      | Reached skill level 8 in Fighting
  2688 | D:4      | HP: 20/94 [scorpion (4)]
  2698 | D:4      | Reached XP level 6. HP: 57/74 MP: 6/6
  2717 | D:4      | XOM: smoke on damage
  2724 | D:4      | HP: 18/74 [orc/+1 trident of protection (4)]
  3018 | D:4      | Reached skill level 9 in Fighting
  3037 | D:4      | XOM: stat loss: -1 Dex (7/8)
  3058 | D:4      | XOM: 1-stop teleportation journey
  3457 | D:4      | XOM: 5-stop teleportation journey
  3974 | D:5      | Entered Level 5 of the Dungeon
  4223 | D:5      | Found a sand-covered staircase.
  4228 | Ossuary  | Entered an ossuary
  4240 | Ossuary  | XOM: stat loss: -1 Int (12/13)
  4267 | Ossuary  | Reached skill level 10 in Fighting
  4267 | Ossuary  | XOM: silly message
  4277 | Ossuary  | Reached XP level 7. HP: 69/85 MP: 7/7
  4600 | D:5      | XOM: polymorph orc priest -> swamp drake
  4604 | D:5      | XOM: blink monster(s)
  4607 | D:5      | Reached skill level 11 in Fighting
  4610 | D:5      | XOM: confusion
  4614 | D:5      | XOM: summons 4 hostile shadow creatures
  4623 | D:5      | XOM: repel stairs
  4641 | D:6      | Noticed a yak
  4641 | D:6      | Noticed a yak
  4641 | D:6      | Noticed a yak
  4659 | D:6      | Lost mutation: Your flesh is heat resistant. (rF+) [potion
                  | of mutation]
  4659 | D:6      | Lost mutation: You are resistant to electric shocks.
                  | (rElec) [potion of mutation]
  4659 | D:6      | Gained mutation: You are clumsy. (Dex -2) [potion of
                  | mutation]
  4659 | D:6      | Gained mutation: You expend magic power (3 MP) to
                  | strengthen your wands. [potion of mutation]
  4659 | D:6      | XOM: polymorph orc -> hobgoblin
  4678 | D:6      | XOM: swap monsters
  4686 | D:6      | Noticed a yaktaur
  4686 | D:6      | a yak changed into a yaktaur
  4686 | D:6      | XOM: polymorph yak -> yaktaur
  4704 | D:5      | XOM: swap monsters
  4709 | D:5      | XOM: confusion (+ monsters)
  4721 | D:5      | Reached skill level 12 in Fighting
  4721 | D:5      | Reached XP level 8. HP: 63/98 MP: 8/8
  4741 | D:5      | XOM: divination: magic mapping
  5162 | D:5      | XOM: cloud trail
  5260 | D:5      | XOM: fog
  5264 | D:5      | XOM: blink monster(s)
  5273 | D:5      | XOM: enchant monster (bad)
  5336 | D:5      | You pick up a book of Hexes and begin reading...
  5336 | D:5      | You add the spells Inner Flame, Cause Fear and Discord to
                  | your library.
  5465 | D:5      | XOM: give mutations
  5465 | D:5      | Gained mutation: You are resistant to electric shocks.
                  | (rElec) [Xom's grace]
  5465 | D:5      | Gained mutation: Your spells are a little harder to cast,
                  | but a little more powerful. [Xom's grace]
  5494 | D:5      | XOM: give mutations
  5494 | D:5      | Gained mutation: You are very clumsy. (Dex -4) [Xom's
                  | mischief]
  5494 | D:5      | Gained mutation: You occasionally shout uncontrollably at
                  | your foes. [Xom's mischief]
  5515 | D:6      | XOM: divination: magic mapping
  5527 | D:6      | XOM: cleaving
  5529 | D:6      | Killed a yaktaur
  5529 | D:6      | XOM: divine lightning
  5530 | D:6      | Reached skill level 13 in Fighting
  5567 | D:5      | XOM: give mutation
  5567 | D:5      | Gained mutation: Your muscles are strong. (Str +2) [Xom's
                  | mischief]
  5571 | D:6      | XOM: confusion
  5589 | D:4      | XOM: divination: detect creatures
  5590 | D:4      | Killed a yak
  5780 | D:5      | XOM: summons friendly shadow imp
  5785 | D:5      | Killed a yak
  5786 | D:5      | Reached skill level 14 in Fighting
  6038 | D:6      | XOM: 1-stop teleportation journey
  6117 | D:6      | Found a transporter.
  6148 | D:6      | XOM: 1-stop teleportation journey
  6151 | D:6      | XOM: divine lightning
  6200 | D:6      | XOM: silly message
  6222 | D:6      | Found a staircase to the Ecumenical Temple.
  6231 | D:6      | Noticed a two-headed ogre
  6234 | D:6      | XOM: summons 4 friendly demons
  6240 | D:6      | Killed a two-headed ogre
  6241 | D:6      | Reached skill level 15 in Fighting
  6241 | D:6      | Reached XP level 9. HP: 70/118 MP: 9/9
  6428 | D:6      | You pick up a book of Blasting and begin reading...
  6428 | D:6      | You add the spells Fulminant Prism, Iskenderun's Mystic
                  | Blast and Lee's Rapid Deconstruction to your library.
  6439 | D:6      | XOM: summons 5 hostile demons
  6446 | Temple   | Entered the Ecumenical Temple
  6688 | Temple   | XOM: silly message
  6713 | Temple   | Fell from the grace of Xom
  6713 | Temple   | Became a worshipper of Cheibriados the Contemplative
  6874 | D:6      | Noticed horus123's ghost (novice HuIE)
  6881 | D:6      | Found a transporter.
  6971 | D:6      | Reached skill level 16 in Fighting
  7077 | D:6      | Identified the +2 kite shield of the Silversmith {Rampage
                  | Int+3 Dex+4}
  7187 | D:6      | Reached skill level 1 in Throwing
  7193 | D:6      | Reached skill level 2 in Throwing
  7530 | D:7      | Reached skill level 3 in Throwing
  7549 | D:7      | Reached skill level 4 in Throwing
  7704 | D:7      | XOM: summons 2 hostile demons
  7769 | D:7      | XOM: stat loss: -3 Dex (2/5)
  7784 | D:7      | XOM: give mutations
  7784 | D:7      | Lost mutation: You expend magic power (3 MP) to strengthen
                  | your wands. [Xom's mischief]
  7784 | D:7      | Lost mutation: You occasionally shout uncontrollably at
                  | your foes. [Xom's mischief]
  7784 | D:7      | Lost mutation: You are very clumsy. (Dex -4) [Xom's
                  | mischief]
  7914 | D:7      | Reached * piety under Cheibriados
  7922 | D:7      | Reached skill level 5 in Throwing
  8244 | D:7      | XOM: give mutations
  8244 | D:7      | Lost mutation: You are covered in fur. (AC +1) [Xom's
                  | mischief]
  8244 | D:7      | Lost mutation: Your muscles are strong. (Str +2) [Xom's
                  | mischief]
  8244 | D:7      | Gained mutation: Your body sometimes deteriorates upon
                  | taking damage. [Xom's mischief]
  8244 | D:7      | Gained mutation: You are dopey. (Int -2) [Xom's mischief]
  8445 | D:7      | XOM: god gift: crooked glowing staff {god gift}
  8545 | D:7      | Found a runed translucent door.
  8546 | D:7      | Noticed Crazy Yiuf
  8554 | D:7      | Killed Crazy Yiuf
  8831 | D:7      | Reached skill level 6 in Throwing
  8831 | D:7      | Reached XP level 10. HP: 97/127 MP: 10/10
  9177 | D:8      | Reached skill level 7 in Throwing
  9184 | D:8      | XOM: cloud trail
  9194 | D:8      | XOM: summons 2 hostile demons
  9207 | D:8      | Learned a level 4 spell: Cause Fear
  9269 | D:8      | Reached skill level 1 in Hexes
  9287 | D:8      | HP: 28/127 [yak (12)]
  9290 | D:8      | Reached skill level 2 in Hexes
  9469 | D:8      | XOM: divination: detect creatures
  9618 | D:8      | Identified the +10 mace of Insufficient Pleasure {venom,
                  | rCorr Int-5 Dex+4}
  9787 | D:8      | XOM: noise
  9797 | D:8      | Reached skill level 3 in Maces & Flails
  9801 | D:8      | Reached ** piety under Cheibriados
 10063 | D:8      | Reached skill level 8 in Throwing
 10652 | D:9      | Reached skill level 4 in Maces & Flails
 10738 | D:9      | Paralysed by a hornet for 2 turns
 10744 | D:9      | HP: 31/127 [centaur/arrow (6)]
 10749 | D:9      | Noticed a cyclops
 10756 | D:9      | Reached skill level 5 in Maces & Flails
 10757 | D:9      | HP: 45/190 [wight/+5 long sword (8)]
 10776 | D:9      | HP: 30/187 [cyclops (15)]
 10777 | D:9      | HP: 12/187 [cyclops (19)]
 10779 | D:9      | Mangled by a cyclops

Vanquished Creatures
  A hornet (D:9)
  A shadow (D:8)
  7 yaks
  2 steam dragons (D:7)
  An acid dragon (D:9)
  3 water moccasins
  2 orc warriors
  An ice beast (D:8)
  A swamp drake (D:5)
  2 centaurs (D:9)
  3 bullfrogs
  4 kobold brigands
  A necrophage (D:8)
  6 scorpions
  A wight (D:9)
  A killer bee (D:9)
  2 howler monkeys
  2 jellies
  2 gnoll shamans
  2 hounds
  Crazy Yiuf (D:7)
  3 orc priests
  3 iguanas
  8 orc wizards
  8 mummies (Ossuary)
  9 adders
  16 gnolls
  A white imp (D:7)
  4 worms
  6 dart slugs
  19 orcs
  11 ball pythons
  6 endoplasms
  5 giant cockroaches
  11 goblins
  9 hobgoblins
  6 jackals
  5 quokkas
  9 bats
  2 frilled lizards (D:1)
  A gnoll zombie (Ossuary)
  2 hobgoblin zombies (Ossuary)
  20 kobolds
  3 kobold zombies (Ossuary)
  2 orc zombies (Ossuary)
  6 rats
221 creatures vanquished.

Vanquished Creatures (collateral kills)
  A two-headed ogre (D:6)
  An ogre (D:6)
2 creatures vanquished.

Vanquished Creatures (others)
  A yaktaur (D:6)
  An ice beast (D:6)
  A jelly (D:5)
  An orc (D:6)
  A kobold (D:7)
  2 fungi (D:7)
  53 plants
60 creatures vanquished.

Grand Total: 283 creatures vanquished

Table legend:
 A = Non-vault XP
 B = Vault XP
 C = Vault XP percentage of total XP
 D = Non-vault monster count
 E = Vault monster count
 F = Vault count percentage of total count
                 A         B        C        D         E       F
            +---------+---------+-------+---------+---------+-------
      Total |    7105 |     683 |   8.8 |     197 |      28 |  12.4
            +---------+---------+-------+---------+---------+-------
        D:1 |      60 |       2 |   3.2 |      31 |       1 |   3.1
        D:2 |      69 |       0 |   0.0 |      28 |       0 |   0.0
        D:3 |      50 |       6 |  10.7 |      17 |       3 |  15.0
        D:4 |     582 |       2 |   0.3 |      27 |       1 |   3.6
        D:5 |     834 |       0 |   0.0 |      16 |       0 |   0.0
        D:6 |    1675 |       0 |   0.0 |      24 |       0 |   0.0
        D:7 |    1001 |     268 |  21.1 |      17 |       4 |  19.0
        D:8 |    2022 |       0 |   0.0 |      27 |       0 |   0.0
        D:9 |     812 |     250 |  23.5 |      10 |       3 |  23.1
    Ossuary |       0 |     155 | 100.0 |       0 |      16 | 100.0
            +---------+---------+-------+---------+---------+-------

Illustrated notes

Table legend:
 A = Kills in this place as a percentage of kills in entire the game.
 B = Kills by you in this place as a percentage of kills by you in the entire game.
 C = Kills by friends in this place as a percentage of kills by friends in the entire game.
 D = Other kills in this place as a percentage of other kills in the entire game.
 E = Experience gained in this place as a percentage of experience gained in the entire game.
 F = Experience gained in this place divided by the number of levels of this place that you have seen.
                   A       B       C       D       E      F
               +-------+-------+-------+-------+-------+----------------------
         Total | 100.0 | 100.0 | 100.0 | 100.0 | 100.0 | 708.0
       Dungeon |  92.9 |  92.8 | 100.0 | 100.0 |  98.0 | 848.1
       Ossuary |   7.1 |   7.2 |   0.0 |   0.0 |   2.0 | 155.0
               +-------+-------+-------+-------+-------+----------------------

Table legend: (Time is in decaauts)
 A = Elapsed time spent in this place.
 B = Non-inter-level travel time spent in this place.
 C = Inter-level travel time spent in this place.
 D = Time resting spent in this place.
 E = Time spent auto-exploring this place.
 F = Levels seen in this place.
 G = Mean time per level.
                   A        B        C        D        E       F      G
               +--------+--------+--------+--------+--------+-----+--------+
         Total |  11592 |  11266 |    326 |   3007 |   6323 |  11 | 1053.8 |
       Dungeon |  10939 |  10658 |    281 |   2801 |   6080 |   9 | 1215.4 |
        Temple |    295 |    250 |     45 |    100 |    124 |   1 |  295.0 |
       Ossuary |    357 |    357 |      0 |    106 |    119 |   1 |  357.0 |
               +--------+--------+--------+--------+--------+-----+--------+

Top non-repeatable levels by time:
     D:8: 1785 daAuts
     D:7: 1778 daAuts
     D:4: 1653 daAuts
     D:5: 1379 daAuts
     D:6: 1328 daAuts
     D:2: 1202 daAuts
     D:1: 975 daAuts
     D:3: 446 daAuts
     D:9: 391 daAuts
 Ossuary: 357 daAuts
  Temple: 295 daAuts
